 Dungeon Crawl Stone Soup version 0.23.1 (webtiles) character file.

Game seed: 14440979009342273640

1012 ohad the Carver (level 8, 0/58 HPs)
             Began as a Formicid Fighter on Mar 11, 2019.
             Was a Follower of the Shining One.
             Slain by a killer bee (3 damage)
             ... on level 4 of the Dungeon.
             The game lasted 00:12:26 (5264 turns).

ohad the Carver (Formicid Fighter)                  Turns: 5264, Time: 00:12:27

Health: 0/58       AC:  6    Str: 21    XL:     8   Next: 45%
Magic:  8/8        EV: 11    Int:  9    God:    the Shining One [*.....]
Gold:   292        SH:  9    Dex: 11    Spells: 7/7 levels left

rFire    . . .     SeeInvis +   a - +0 long sword
rCold    . . .     Gourm    .   c - +0 shield
rNeg     . . .     Faith    .   b - +0 scale mail
rPois    .         Spirit   .   (helmet unavailable)
rElec    .         Reflect  .   (no cloak)
rCorr    .         Harm     .   (no gloves)
MR       .....                  (no boots)
Stlth    ..........             (no amulet)
HPRegen  0.19/turn              e - +4 ring of evasion
MPRegen  0.11/turn              (no ring)

@: lethally poisoned (0 -> -1), glowing
A: permanent stasis, dig shafts and tunnels, four strong arms, antennae 3
a: Dig, Shaft Self, Renounce Religion


You were on level 4 of the Dungeon.
You worshipped the Shining One.
The Shining One was aware of your devotion.
You were not hungry.

You visited 2 branches of the dungeon, and saw 7 of its levels.

You collected 292 gold pieces.

Inventory:

Hand Weapons
 a - a +0 long sword (weapon)
 u - a +0 blowgun
Missiles
 h - 5 javelins (quivered)
 q - 11 bolts
 v - 4 poisoned needles
Armour
 b - a +0 scale mail (worn)
 c - a +0 shield (worn)
 i - a +0 plate armour
Jewellery
 e - a +4 ring of evasion (left hand)
Scrolls
 k - a scroll of immolation
 m - 4 scrolls of remove curse
 o - 2 scrolls of amnesia {unknown}
Potions
 j - a potion of magic
 l - a potion of resistance
 p - a potion of brilliance
 s - a potion of haste
 x - a potion of berserk rage
Comestibles
 f - 9 rations
 g - a chunk of flesh


   Skills:
 - Level 3.2 Fighting
 + Level 9.5 Long Blades
 - Level 3.2 Armour
 - Level 3.6 Shields


You had 7 spell levels left.
You didn't know any spells.
Your spell library was empty.

Dungeon Overview and Level Annotations

Branches:
Dungeon (6/15)             Temple (1/1) D:4

Altars:
Elyvilon
Hepliaklqana
Kikubaaqudgha
Makhleb
Okawaru
The Shining One

Annotations:
D:4 2 runed translucent doors, crawlian's ghost, novice FoFi


Innate Abilities, Weirdness & Mutations

You cannot be hasted, slowed, berserked, paralysed or teleported.
You can dig through walls and to a lower floor.
Your four strong arms can wield two-handed weapons with a shield.
You have a pair of large antennae on your head. (SInv)


Message History

Unknown command.
Unknown command.
Unknown command.
Unknown command.
Unknown command.
Unknown command.
Unknown command.
Unknown command.
Unknown command.
Unknown command.
You closely miss the killer bee.
The killer bee is severely wounded.
The killer bee stings you.
* * * LOW HITPOINT WARNING * * *
The killer bee misses you.
You riposte.
You hit the killer bee.
The killer bee is almost dead.
Your shield prevents you from hitting the killer bee.
The killer bee is almost dead.
The killer bee barely misses you. The killer bee stings you.
You die...

#.................#
##.######....###..##
####..# ##..### ##..##
#.#.#.#####..## #...##
#...#.........## ##.....
###...8.....8..####......
##...........##....#...
##....y...........#...
#...@.....#..###.....
#........)#..###.....
##.........##..##..##.
#..8.....8.##..#..###.
#......)...##.....##..
###....#...####.....##..
##...........###........#
#..#..........#.........#
#.##..####.......###....#


You could see a killer bee.

Vanquished Creatures
  A centaur (D:5)
  A gnoll sergeant (D:5)
  3 killer bees
  2 orc priests
  4 hounds
  4 orc wizards (D:3)
  An iguana (D:4)
  Natasha (thrice) (D:3)
  3 worker ants (D:5)
  2 hound skeletons
  A howler monkey skeleton (D:5)
  9 gnolls (D:5)
  5 adders
  An adder zombie (D:5)
  5 worms
  2 dart slugs (D:4)
  4 leopard geckos
  14 orcs
  A ball python (D:2)
  8 giant cockroaches
  10 goblins
  8 hobgoblins
  6 jackals
  4 kobolds
  5 bats
  A frilled lizard (D:1)
  3 rats
111 creatures vanquished.

Vanquished Creatures (others)
  An orc priest (D:3)
  2 orcs (D:3)
3 creatures vanquished.

Grand Total: 114 creatures vanquished

Notes
Turn   | Place    | Note
-------+----------+-------------------------------------------
     0 | D:1      | ohad the Formicid Fighter began the quest for the Orb.
     0 | D:1      | Reached XP level 1. HP: 18/18 MP: 1/1
   117 | D:1      | Reached XP level 2. HP: 24/24 MP: 2/2
   537 | D:2      | Reached skill level 3 in Long Blades
   654 | D:2      | Reached XP level 3. HP: 22/29 MP: 3/3
  1173 | D:2      | Reached skill level 4 in Long Blades
  1173 | D:2      | Reached XP level 4. HP: 26/35 MP: 4/4
  1738 | D:3      | Reached XP level 5. HP: 35/41 MP: 5/5
  1740 | D:3      | Reached skill level 5 in Long Blades
  1978 | D:3      | Reached XP level 6. HP: 45/47 MP: 6/6
  2169 | D:3      | Noticed Natasha
  2187 | D:3      | Killed Natasha
  2187 | D:3      | Reached skill level 6 in Long Blades
  2209 | D:3      | Noticed Natasha
  2221 | D:3      | Killed Natasha
  2424 | D:3      | Noticed Natasha
  2429 | D:3      | Killed Natasha
  3316 | D:4      | Reached XP level 7. HP: 35/52 MP: 7/7
  3483 | D:4      | Found a large runed translucent door.
  3483 | D:4      | Found a large runed translucent door.
  3498 | D:4      | Reached skill level 7 in Long Blades
  3574 | D:4      | Found a staircase to the Ecumenical Temple.
  3583 | Temple   | Entered the Ecumenical Temple
  3596 | Temple   | Became a worshipper of the Shining One
  4230 | D:4      | Noticed crawlian's ghost (novice FoFi)
  4253 | D:4      | Found an iron altar of Okawaru.
  4253 | D:4      | Found a white marble altar of Elyvilon.
  4370 | D:5      | Entered Level 5 of the Dungeon
  4728 | D:5      | Reached skill level 8 in Long Blades
  4820 | D:5      | Reached XP level 8. HP: 36/58 MP: 8/8
  5155 | D:5      | Reached skill level 9 in Long Blades
  5217 | D:6      | Reached * piety under the Shining One
  5264 | D:4      | Slain by a killer bee

Skill      XL: |  1  2  3  4  5  6  7  8 |
---------------+-------------------------+-----
Long Blades    | 3 4 5 6 8 9 |  9.5
Fighting       | |  3.2
Armour         | |  3.2
Shields        | |  3.6

Action                   |  1- 3 |  4- 6 |  7- 9 || total
-------------------------+-------+-------+-------++-------
Melee: Long sword        |   106 |   166 |   140 ||   412
 Abil: Dig               |     1 |     3 |       ||     4
  Use: Scroll            |       |       |     9 ||     9
       Potion            |       |       |     4 ||     4
  Eat: Chunk             |     1 |     7 |     3 ||    11
       Ration            |       |       |     1 ||     1
Armor: Scale mail        |     4 |       |    28 ||    32
       Plate armour      |    40 |    67 |    46 ||   153
Dodge: Dodged            |    20 |    31 |    69 ||   120
Block: Shield            |    72 |    73 |    78 ||   223
       Rpst.: Long sword |     5 |    16 |    14 ||    35
